 Dungeon Crawl Stone Soup version 0.31-a0-204-g7da18cac08 (webtiles) character file.

Game seed: 18012887736530277471

406 qw the Skirmisher (level 6, 0/35 HPs)
             Began as a Deep Elf Hunter on June 27, 2023.
             Slain by an orc wizard
             ... wielding a +1 vampiric dagger
              (1 damage)
             ... on level 4 of the Dungeon.
             The game lasted 00:01:15 (3146 turns).

qw the Skirmisher (Deep Elf Hunter)                 Turns: 3146, Time: 00:01:15

Health: 0/35       AC: 11    Str: 10    XL:     6   Next: 56%
Magic:  8/8        EV: 11    Int: 14    God:
Gold:   176        SH:  0    Dex: 18    Spells: 5/5 levels left

rFire   + . .        Y - +0 shortbow
rCold   . . .        (shield currently unavailable)
rNeg    . . .        j - +0 ring mail
rPois   .            d - +0 helmet
rElec   .            (no cloak)
rCorr   .            (no gloves)
SInv    .            b - +0 pair of boots
Will    .....        (no amulet)
Stlth   +            i - +4 ring of protection
HPRegen 0.25/turn    l - ring of protection from fire
MPRegen 0.11/turn

%: no passive effects
@: about to teleport
A: wild magic 1, MP-powered wands
a: no special abilities


You were on level 4 of the Dungeon.
You visited 1 branch of the dungeon, and saw 4 of its levels.

You collected 176 gold pieces.


Innate Abilities, Weirdness & Mutations

Your spells are a little harder to cast, but a little more powerful.
You expend magic power (3 MP) to strengthen your wands.


   Skills:
 - Level 2.2 Fighting
 + Level 9.7 Ranged Weapons
 - Level 1.3 Armour
 - Level 2.4 Dodging
 - Level 1.2 Stealth


You had 5 spell levels left.
You didn't know any spells.
Your spell library was empty.

Inventory:

Hand Weapons
 Y - a +0 shortbow (weapon)
Armour
 b - a +0 pair of boots (worn)
 d - a +0 helmet (worn)
 j - a +0 ring mail (worn)
Jewellery
 i - a +4 ring of protection (left hand)
 l - a ring of protection from fire (right hand)
Scrolls
 c - a scroll of identify
 n - a scroll of enchant armour {unknown}
 o - a scroll of teleportation
Potions
 a - a potion of heal wounds {unknown}
 f - a potion of might {unknown}
 g - a potion of mutation
 h - a potion of ambrosia {unknown}
 k - a potion of berserk rage {unknown}
 m - a potion of magic {unknown}
 p - a potion of attraction {unknown}

Dungeon Overview and Level Annotations

Branches:
Dungeon (4/15)
 Temple: D:4-7

Altars:
Nemelex Xobeh


Message History

You hear some strange, mumbled words.
A magic dart appears from out of thin air!
The magic dart hits you but does no damage.
The orc hits you but does no damage.
You hear some strange, mumbled words.
A puff of flame appears from out of thin air!
The puff of flame misses you. The orc hits you but does no damage.
You shoot an arrow. The adder hisses angrily.
The arrow hits the ufetubus.
The ufetubus is severely wounded.
The ufetubus hits you but does no damage.
The ufetubus hits you. The ufetubus barely misses you.
The ufetubus hits you but does no damage.
Something hits you but does no damage. The orc barely misses you.
Something barely misses you. The orc hits you but does no damage.
You shoot an arrow. The arrow closely misses the ufetubus.
The arrow hits the orc!
You kill the orc!
The ufetubus hits you. The ufetubus closely misses you. Something hits you.
The orc completely misses you. Something hits you but does no damage.
The orc barely misses you. The ufetubus barely misses you.
The ufetubus hits you but does no damage.
You shoot an arrow. The arrow hits the ufetubus.
You kill the ufetubus!
You hear a shout!
Something hits you but does no damage. The orc hits you with a +0 falchion.
Something hits you but does no damage. The orc hits you but does no damage.
3145 ||| READING 2 scrolls of teleportation.
As you read the scroll of teleportation, it crumbles to dust.
You feel strangely unstable.
You hear some strange, mumbled words.
A magic dart appears from out of thin air!
The magic dart hits you. The orc hits you but does no damage.
Something hits you. The orc misses you.
You shoot an arrow.
The arrow hits the orc but does no damage.
Something hits you. The orc misses you. The orc hits you but does no damage.
Something hits you.
You die...

##.## ### ...# #..###..
...# #.)##... ...#
#......# #..#
###.......
##..####.#.........
##.......#..........
#.#...o#..............
#...o@{.##..######....
#...##S{.##..#.## ####.
....###)...#.....## #..
.
.........#..###.####..
.o..........# ##.#....
..o......#...#####.....
o............##.....###
...................####
#.####............####.


You could see an adder and 2 orcs.

Vanquished Creatures
  2 scorpions
  A hound (D:4)
  2 iguanas (D:4)
  Natasha (thrice) (D:2)
  4 gnolls (D:2)
  2 adders
  An ufetubus (D:4)
  A worm (D:3)
  3 dart slugs
  6 orcs
  2 ball pythons
  4 endoplasms
  A giant cockroach (D:3)
  7 goblins
  7 hobgoblins
  3 kobolds
  2 quokkas (D:1)
  4 bats
  4 frilled lizards
  7 rats
66 creatures vanquished.

Notes
Turn   | Place    | Note
-------+----------+-------------------------------------------
     0 | D:1      | qw the Deep Elf Hunter began the quest for the Orb.
     0 | D:1      | Reached XP level 1. HP: 12/12 MP: 3/3
     0 | D:1      | 0 ||| qw: Version: 0.3-a-22-g0ed2b0b
     0 | D:1      | 0 ||| qw: Game counter: 6432
     0 | D:1      | 0 ||| qw: Melee chars always use a shield: true
     0 | D:1      | 0 ||| qw: God list: Okawaru
     0 | D:1      | 0 ||| qw: Allow faded altars: false
     0 | D:1      | 0 ||| qw: Do Orc after clearing Dungeon:15 true
     0 | D:1      | 0 ||| qw: Do second Lair branch before Depths: true
     0 | D:1      | 0 ||| qw: Lair rune preference: random
     0 | D:1      | 0 ||| qw: Goals: Normal
     0 | D:1      | 0 ||| PLANNING D:1-11
   161 | D:1      | 161 ||| FLEEEEING.
   162 | D:1      | 162 ||| FLEEEEING.
   174 | D:1      | Reached skill level 6 in Ranged Weapons
   174 | D:1      | Reached XP level 2. HP: 16/16 MP: 4/4
   612 | D:1      | 612 ||| UPGRADING to +0 helmet.
   617 | D:1      | 617 ||| UPGRADING to +4 ring of protection.
   618 | D:1      | 618 ||| READING scroll labelled PUZXOT HUGEI.
   719 | D:1      | 719 ||| READING scroll labelled OSARONOTEOGG.
   720 | D:1      | 720 ||| DRINKING 2 grey potions.
   721 | D:1      | 721 ||| DROPPING scroll of butterflies.
   722 | D:1      | 722 ||| DROPPING potion of degeneration.
   780 | D:2      | Reached XP level 3. HP: 20/20 MP: 5/5
   788 | D:2      | 788 ||| FLEEEEING.
   895 | D:2      | Reached skill level 7 in Ranged Weapons
   909 | D:2      | 909 ||| FLEEEEING.
   911 | D:2      | 911 ||| FLEEEEING.
   912 | D:2      | 912 ||| FLEEEEING.
   913 | D:2      | 913 ||| FLEEEEING.
   925 | D:2      | Reached XP level 4. HP: 16/25 MP: 6/6
  1171 | D:2      | Noticed Natasha
  1173 | D:2      | 1173 ||| FLEEEEING.
  1180 | D:2      | Killed Natasha
  1331 | D:2      | Found a sparkling altar of Nemelex Xobeh.
  1412 | D:2      | Noticed Natasha
  1429 | D:2      | Killed Natasha
  1430 | D:2      | Reached skill level 8 in Ranged Weapons
  1517 | D:2      | Reached XP level 5. HP: 29/29 MP: 7/7
  1642 | D:2      | Noticed Natasha
  1654 | D:2      | HP: 4/29 [Natasha (8)]
  1655 | D:2      | Killed Natasha
  1858 | D:2      | 1858 ||| UPGRADING to +0 pair of boots.
  1863 | D:2      | 1863 ||| UPGRADING to +0 ring mail.
  1873 | D:2      | 1873 ||| DROPPING +0 leather armour.
  1874 | D:2      | 1874 ||| UPGRADING to ring of protection from fire.
  1875 | D:2      | 1875 ||| READING scroll labelled UXAT CIKEQOMUHEMI.
  1878 | D:2      | 1878 ||| READING scroll labelled KUIPAN QAAV.
  1879 | D:2      | 1879 ||| DRINKING 2 blue potions.
  1960 | D:3      | Found a faded altar of an unknown god.
  2494 | D:3      | 2494 ||| READING scroll labelled XISIER QUHIWY.
  2495 | D:3      | 2495 ||| DRINKING 2 lumpy clear potions.
  2496 | D:3      | 2496 ||| DRINKING 2 metallic cyan potions.
  2496 | D:3      | Gained mutation: You expend magic power (3 MP) to
                  | strengthen your wands. [potion of mutation]
  2496 | D:3      | Gained mutation: Your spells are a little harder to cast,
                  | but a little more powerful. [potion of mutation]
  2497 | D:3      | 2497 ||| DROPPING potion of brilliance.
  2535 | D:4      | 2535 ||| STAIRDANCE
  2540 | D:3      | Reached skill level 9 in Ranged Weapons
  2645 | D:4      | Reached XP level 6. HP: 33/35 MP: 8/8
  2860 | D:4      | Reached skill level 1 in Armour
  3122 | D:4      | 3122 ||| Stepping ~*~*~tactically~*~*~ (outnumbered).
  3139 | D:4      | 3139 ||| DRINKING potion of curing.
  3139 | D:4      | 3139 ||| (to cure confusion)
  3144 | D:4      | HP: 7/35 [orc/+0 falchion (2)]
  3145 | D:4      | 3145 ||| READING 2 scrolls of teleportation.
  3145 | D:4      | HP: 3/35 [something (1)]
  3146 | D:4      | HP: 1/35 [something (2)]
  3146 | D:4      | Slain by an orc wizard

Levels and vault maps discovered:
D:1:      dpeg_arrival_rooms_a, layout_loops_ring
D:2:      layout_basic, basic_altar, dk_noncrumbling_3,
          kennysheep_generic_room_12, uniq_natasha
D:3:      layout_basic, ebering_ecumenical_altar_sacrificial
D:4:      layout_layer_cave, minmay_temple_entry_gardened_gates, st_stairs_14,
          roderic_three_in_a_row

Skill      XL: |  1  2  3  4  5  6 |
---------------+-------------------+-----
Ranged Weapons | 6 7 8 9 |  9.7
Fighting       | 2 |  2.2
Armour         | 1 |  1.3
Dodging        | |  2.4
Stealth        | |  1.2

Action                     |  1- 3 |  4- 6 || total
---------------------------+-------+-------++-------
   Fire: Shortbow          |    98 |   177 ||   275
    Use: Scroll            |     2 |     4 ||     6
         Potion            |     1 |     4 ||     5
 Armour: Leather armour    |     5 |    10 ||    15
         Ring mail         |       |    41 ||    41
  Dodge: Dodged            |    14 |    56 ||    70

Table legend:
 A = Non-vault XP
 B = Vault XP
 C = Vault XP percentage of total XP
 D = Non-vault monster count
 E = Vault monster count
 F = Vault count percentage of total count
                 A         B        C        D         E       F
            +---------+---------+-------+---------+---------+-------
      Total |     531 |      49 |   8.4 |      64 |       2 |   3.0
            +---------+---------+-------+---------+---------+-------
        D:1 |      39 |       0 |   0.0 |      23 |       0 |   0.0
        D:2 |     151 |      49 |  24.5 |      17 |       2 |  10.5
        D:3 |     114 |       0 |   0.0 |      10 |       0 |   0.0
        D:4 |     227 |       0 |   0.0 |      14 |       0 |   0.0
            +---------+---------+-------+---------+---------+-------
